AoeStats
← 冥想控

Arabia

510161180Analyzed
1v1 RM · 3d ago on Sep 29, 2026· 43m 46s· 2 players
Game mode
Random Map
Map size
Tiny (2 player)
Population
200
Speed
Normal
Resources
Standard
Victory
Conquest
Starting age
Dark Age
Ending age
Imperial Age
RankedLock teamsTeams togetherTeam positionsShared explorationLock speedFull tech treeHidden civsTurbo modeCheats
Victory
Defeat
🇨🇳 Inca · China
2026
+14
🇵🇱 Chinese · Poland
1992
-14
ELEOS | wosm
0:27 Loom
8:26 Feudal Age
9:02 Double-Bit Axe
17:11 Forging
18:16 Bloodlines
24:07 Castle Age
22:47 Scale Barding Armor
25:03 Bow Saw
31:29 Fletching
32:50 Bodkin Arrow
35:20 Ballistics
冥想控
6:39 Loom
8:48 Feudal Age
10:04 Champi Runner
15:59 Arson
16:46 Double-Bit Axe
17:22 Horse Collar
19:50 Forging
21:20 Scale Mail Armor
22:40 Wheelbarrow
26:08 Castle Age
24:10 Gold Mining
26:12 Champi Warrior
26:53 Squires
26:22 Pikeman
27:42 Chain Mail Armor
28:00 Bow Saw
40:11 Hand Cart
46:52 Imperial Age
Connection lost

Rejoining the realm…

Still unreachable

The connection could not be restored.

Session expired

The server has moved on; the page needs a fresh start.